 Dungeon Sprint DCSS version 0.17-a0-1528-gfee3901 (webtiles) character file.

2798 ztt the Imperceptible (level 9, -21/42 HPs)
             Began as a Spriggan Enchanter on July 15, 2015.
             Was an Elder of Dithmenos.
             Killed from afar by a deep elf conjurer (27 damage)
             ... with a bolt of fire
             ... in the Dungeon (Sprint III: "The Ten Rune Challenge").
             The game lasted 00:07:31 (1321 turns).

ztt the Imperceptible (Spriggan Enchanter)          Turns: 1321, Time: 00:07:31

Health: -21/42     AC:  3    Str:  4    XL:     9   Next: 43%
Magic:  20/25      EV: 21    Int: 20    God:    Dithmenos [****..]
Gold:   3038       SH:  0    Dex: 16    Spells: 3 memorised, 24 levels left

rFire  . . .     SeeInvis +     a - +1 dagger
rCold  . . .     Clarity  .     b - +1 robe
rNeg   . . .     SustAt   .     (shield restricted)
rPois  .         Gourm    .     (helmet restricted)
rElec  .         Spirit   .     (no cloak)
rCorr  .         Warding  .     (gloves unavailable)
rMut   .         NoTele   +     (boots unavailable)
MR     +....                    (no amulet)
Stlth  ++++++++++               (no ring)
                                (no ring)

@: wreathed by umbra, drained, very quick, somewhat resistant to hostile
enchantments, uncannily stealthy
A: unfitting armour, see invisible, herbivore 3, speed 3, slow metabolism 2
a: Shadow Step, Renounce Religion


You were in the Dungeon.
You worshipped Dithmenos.
Dithmenos was greatly pleased with you.
You were not hungry.

You visited 1 branch You collected 3038 gold pieces.

Inventory:

Hand weapons
 a - a +1 dagger (weapon)
Armour
 b - a +1 robe (worn)
Scrolls
 j - 2 scrolls of blinking
 l - 3 scrolls of torment {unknown}
 m - 4 scrolls of identify
 p - a scroll of holy word {unknown}
 q - a scroll of remove curse {unknown}
Potions
 e - a potion of curing
 f - 2 potions of heal wounds
 g - a potion of haste
 h - 2 potions of magic
 i - 2 potions of berserk rage
 k - 2 potions of mutation {unknown}
 n - 2 potions of cure mutation {unknown}
 o - 3 potions of flight
 s - a potion of might
Books
 c - a book of Maledictions

   Spells                             Type                      Level
   a - Corona                         Hexes                        1
   b - Ensorcelled Hibernation        Hexes/Ice                    2
   c - Confuse                        Hexes                        3
   d - Tukima's Dance                 Hexes                        3
   e - Dazzling Spray                 Conjuration/Hexes            3
 u - a Fen Folio

   Spells                             Type                      Level
   a - Corpse Rot                     Necromancy                   2
   b - Stone Arrow                    Conjuration/Earth            3
   c - Leda's Liquefaction            Hexes/Earth                  4
   d - Summon Forest                  Summoning/Translocation      5
   e - Hydra Form                     Transmutation                6
   f - Summon Hydra                   Summoning                    7
Comestibles
 d - a bread ration
 r - 3 fruits
 t - a royal jelly


   Skills:
 + Level 2.0(1.4) Fighting
 + Level 2.8(2.1) Short Blades
 + Level 6.3(5.6) Dodging
 * Level 22.6(21.5) Stealth
 + Level 11.0(10.2) Spellcasting
 + Level 12.3(11.5) Hexes
 - Level 0.5(0.0) Ice Magic


You had 24 spell levels left.
You knew the following spells:

 Your Spells              Type           Power        Failure   Level  Hunger
a - Corona                Hex            ######.      1%          1    None
b - Confuse               Hex            ######..     1%          3    None
c - Ensorcelled Hibernat  Hex/Ice        ####..       1%          2    None


Dungeon Overview and Level Annotations

Branches:
Dungeon (1/1)

Altars:
Cheibriados
Dithmenos
Elyvilon
Fedhas
Gozag
Kikubaaqudgha
Makhleb
Nemelex Xobeh
Okawaru
Qazlal
Ru
Sif Muna
Trog
Vehumet
Xom
Yredelemnul
Zin
The Shining One
Jiyva
Lugonu

Shops:
D [


Innate Abilities, Weirdness & Mutations

You are tiny and cannot use many weapons and most armour.
You have supernaturally acute eyesight.
You are a herbivore.
You cover ground extremely quickly.
You need consume almost no food.


Message History

Confirm with . or Enter, or press ? or * to list all spells.
Aiming: Ensorcelled Hibernation
Press: ? - help, Shift-Dir - straight line, f - deep elf conjurer
Aim: a deep elf conjurer, wielding a rapier (umbra, chance to defeat MR: 16%)
The deep elf conjurer resists with almost no effort.
The deep elf conjurer gestures at you while chanting.
The bolt of negative energy hits you!
You feel drained.
Ouch! That really hurt!
* * * LOW HITPOINT WARNING * * *
You emit a cloud of dark smoke.
Casting: Ensorcelled Hibernation
Confirm with . or Enter, or press ? or * to list all spells.
Aiming: Confuse
Press: ? - help, Shift-Dir - straight line, f/p - deep elf conjurer
Aim: a deep elf conjurer, wielding a rapier (umbra, chance to defeat MR: 24%)
The deep elf conjurer resists with almost no effort.
The deep elf conjurer casts a spell at you.
The bolt of fire hits you!
Ouch! That really hurt!
You die...

▓▓▓▓▓▓ ▓▓▓▓▓
#########.##.###.#.#######
_#__[#__#.##..#§#..e.#...#
.#..)#._#.....§§@§##.#.ee##≈
)#'###'##.....§§§###.#e..≈≈≈
....)...#.....§§§.##.#.e.##≈
...)..).#.#..####.##.e...#
.######)#.#.## ##.#######
.#__#...#'##### ###
[#__#..)#..≈≈≈§
##__#...#.#≈§≈#
)#__#)))[.#§.§#


You could see a deep elf conjurer.

Vanquished Creatures
  Snorg (D)
  An orc high priest (D)
  A deep elf priest (D)
  A shadow (D)
  A spatial vortex (D)
  2 orc warriors (D)
  A necrophage (D)
  A water elemental (D)
  A jelly (D)
  3 orc priests (D)
  4 orc wizards (D)
  Jessica (D)
  A necromancer (D)
  A wizard (D)
  A wolf (D)
  3 humans (D)
  A kobold demonologist (D)
  An ooze (D)
  7 orcs (D)
  2 rats (D)
35 creatures vanquished.

Vanquished Creatures (others)
  2 draconian scorchers (D)
  A yaktaur (D)
3 creatures vanquished.

Grand Total: 38 creatures vanquished

Notes
Turn   | Place    | Note
--------------------------------------------------------------
     0 | D        | ztt the Spriggan Enchanter began the quest for the Orb.
     0 | D        | Reached XP level 1. HP: 9/9 MP: 5/5
     4 | D        | Reached skill level 6 in Stealth
    11 | D        | Noticed Jessica
    14 | D        | Killed Jessica
    14 | D        | Reached skill level 8 in Stealth
    14 | D        | Reached skill level 5 in Hexes
    14 | D        | Reached XP level 2. HP: 13/13 MP: 7/7
    14 | D        | Reached XP level 3. HP: 16/16 MP: 8/8
    22 | D        | Learned a level 3 spell: Confuse
    25 | D        | Learned a level 2 spell: Ensorcelled Hibernation
   139 | D        | Noticed a wolf
   159 | D        | Reached skill level 9 in Stealth
   191 | D        | Killed a white draconian scorcher
   237 | D        | Killed a white draconian scorcher
   259 | D        | Killed a wolf
   259 | D        | Reached skill level 10 in Stealth
   259 | D        | Reached XP level 4. HP: 21/21 MP: 6/10
   322 | D        | Killed a yaktaur
   336 | D        | Noticed a water elemental
   339 | D        | Killed a water elemental
   339 | D        | Reached skill level 12 in Stealth
   342 | D        | Found a glowing silver altar of Zin.
   342 | D        | Found a glowing golden altar of the Shining One.
   342 | D        | Found a white marble altar of Elyvilon.
   343 | D        | Noticed a deep elf priest
   562 | D        | Killed a deep elf priest
   562 | D        | Reached skill level 5 in Dodging
   562 | D        | Reached skill level 15 in Stealth
   562 | D        | Reached XP level 5. HP: 24/24 MP: 10/15
   562 | D        | Reached XP level 6. HP: 28/28 MP: 10/16
   601 | D        | Found an iron altar of Okawaru.
   601 | D        | Found a bloodstained altar of Trog.
   601 | D        | Noticed a human
   601 | D        | Noticed a human
   604 | D        | Killed a human
   604 | D        | Reached skill level 16 in Stealth
   605 | D        | Killed a human
   605 | D        | Reached skill level 1 in Fighting
   605 | D        | Reached skill level 17 in Stealth
   605 | D        | Reached XP level 7. HP: 30/33 MP: 17/19
   638 | D        | Found a basalt altar of Yredelemnul.
   638 | D        | Found a snail-covered altar of Cheibriados.
   638 | D        | Found a blossoming altar of Fedhas.
   638 | D        | Noticed a necrophage
   638 | D        | Noticed a necromancer
   640 | D        | Killed a necrophage
   640 | D        | Reached skill level 10 in Hexes
   641 | D        | Killed a necromancer
   641 | D        | Reached skill level 18 in Stealth
   652 | D        | Noticed a jelly
   653 | D        | Noticed a shadow
   655 | D        | Killed a shadow
   659 | D        | Killed a jelly
   665 | D        | Found a stormy altar of Qazlal.
   665 | D        | Found a sacrificial altar of Ru.
   665 | D        | Found a burning altar of Makhleb.
   665 | D        | Found a shimmering altar of Xom.
   665 | D        | Noticed a spatial vortex
   666 | D        | Found a viscous altar of Jiyva.
   666 | D        | Found a shadowy altar of Dithmenos.
   666 | D        | Found a sparkling altar of Nemelex Xobeh.
   666 | D        | Found a corrupted altar of Lugonu.
   666 | D        | Found an opulent altar of Gozag.
   667 | D        | Killed a spatial vortex
   667 | D        | Reached skill level 19 in Stealth
   667 | D        | Reached XP level 8. HP: 37/37 MP: 21/21
   671 | D        | Became a worshipper of Dithmenos the Shadowed
   690 | D        | Found a radiant altar of Vehumet.
   690 | D        | Found a deep blue altar of Sif Muna.
   690 | D        | Found an ancient bone altar of Kikubaaqudgha.
   690 | D        | Noticed a wizard
   692 | D        | Killed a wizard
   720 | D        | Noticed an orc warrior
   721 | D        | Noticed an orc wizard
   723 | D        | Noticed an orc wizard
   726 | D        | Noticed an orc wizard
   755 | D        | Killed an orc wizard
   779 | D        | Noticed an orc priest
   781 | D        | Killed an orc priest
   781 | D        | Acquired Dithmenos's first power
   807 | D        | Killed an orc warrior
   842 | D        | Noticed an orc high priest
   853 | D        | Killed an orc wizard
   853 | D        | Acquired Dithmenos's second power
   910 | D        | Killed an orc high priest
   910 | D        | Reached skill level 21 in Stealth
   976 | D        | Noticed an orc wizard
   989 | D        | Killed an orc wizard
   993 | D        | Noticed an orc warrior
  1000 | D        | Noticed an orc priest
  1003 | D        | Noticed Snorg
  1059 | D        | Killed Snorg
  1059 | D        | Acquired Dithmenos's third power
  1059 | D        | Reached skill level 22 in Stealth
  1059 | D        | Reached skill level 10 in Spellcasting
  1059 | D        | Reached XP level 9. HP: 28/42 MP: 11/24
  1188 | D        | Killed an orc priest
  1195 | D        | Killed an orc warrior
  1206 | D        | Killed an orc wizard
  1214 | D        | Found Huneceol's Antique Armour Emporium.
  1218 | D        | Noticed an orc priest
  1229 | D        | Killed an orc priest
  1305 | D        | Noticed a deep elf knight
  1305 | D        | Noticed a deep elf conjurer
  1305 | D        | Noticed a deep elf priest
  1305 | D        | Noticed a deep elf conjurer
  1305 | D        | Noticed a deep elf conjurer
  1321 | D        | Killed from afar by a deep elf conjurer

Vault maps used:
D:        dungeon_sprint_mu

Action                   |  1- 3 |  4- 6 |  7- 9 || total
-------------------------+-------+-------+-------++-------
Melee: Dagger            |    13 |     4 |    44 ||    61
 Cast: Ensorcelled Hiber |     3 |     4 |    21 ||    28
       Confuse           |     2 |     1 |    12 ||    15
 Stab: Sleeping          |     6 |     4 |    19 ||    29
       Confused          |       |       |     9 ||     9
